 Dungeon Crawl Stone Soup version 0.18-a0-1774-gce1f7b6 (webtiles) character file.

129 M4edhros the Insei (level 5, -4/31 HPs)
             Began as an Octopode Necromancer on Apr 15, 2016.
             Slain by an orc
             ... wielding a +0 dagger
              (5 damage)
             ... on level 4 of the Dungeon.
             The game lasted 00:05:22 (1045 turns).

M4edhros the Insei (Octopode Necromancer)           Turns: 1045, Time: 00:05:23

Health: -4/31      AC:  1    Str:  7    XL:     5   Next: 12%
Magic:  0/8        EV: 12    Int: 17    God:
Gold:   127        SH:  0    Dex: 14    Spells: 2 memorised, 4 levels left

rFire  . . .     SeeInvis .     d - -3 short sword (curse)
rCold  . . .     Gourm    .     (no shield)
rNeg   . . .     Faith    .     (helmet restricted)
rPois  .         Spirit   +     i - amulet of guardian spirit
rElec  .         Dismiss  .     n - ring of stealth
rCorr  .         Reflect  .     (no ring)
SustAt .         Harm     .     (no ring)
MR     .....                    (no ring)
Stlth  ++++......               (no ring)
                                (no ring)
                                (no ring)
                                (no ring)

@: not resistant to hostile enchantments, stealthy
A: almost no armour, amphibious, 8 rings, constrict 8, camouflage 1, gelatinous
body 1
a: no special abilities


You were on level 4 of the Dungeon.
You were very hungry.

You visited 1 branch of the dungeon, and saw 4 of its levels.

You collected 127 gold pieces.

Inventory:

Hand Weapons
 d - a cursed -3 short sword (weapon)
 g - a +1 hunting sling
Missiles
 c - 79 stones (quivered)
 e - 41 sling bullets
Jewellery
 i - an amulet of guardian spirit (around mantle)
 n - a ring of stealth (left tentacle)
 o - an uncursed amulet of the gourmand
Scrolls
 f - 3 scrolls of fog
 j - a scroll of amnesia
Books
 a - a book of Necromancy

   Spells                             Type                      Level
   a - Pain                           Necromancy                   1
   b - Animate Skeleton               Necromancy                   1
   c - Vampiric Draining              Necromancy                   3
   d - Regeneration                   Charms/Necromancy            3
   e - Animate Dead                   Necromancy                   4
   f - Control Undead                 Necromancy                   4
 m - a book of Clouds

   Spells                             Type                      Level
   a - Mephitic Cloud                 Conjuration/Poison/Air       3
   b - Conjure Flame                  Conjuration/Fire             3
   c - Poisonous Cloud                Conjuration/Poison/Air       6
   d - Freezing Cloud                 Conjuration/Ice/Air          6
   e - Ring of Flames                 Charms/Fire                  7
Comestibles
 b - 3 bread rations
 h - a slice of pizza
 l - 2 meat rations


   Skills:
 - Level 2.0 Dodging
 - Level 2.6 Stealth
 + Level 4.6 Unarmed Combat
 - Level 2.0 Spellcasting
 - Level 4.0 Necromancy


You had 4 spell levels left.
You knew the following spells:

 Your Spells              Type           Power        Failure   Level  Hunger
a - Pain                  Necr           ###.         3%          1    #......
b - Regeneration          Chrm/Necr      #.........   24%         3    ###....


Dungeon Overview and Level Annotations

Branches:
Dungeon (4/15)
 Temple: D:4-7

Altars:
Ashenzari

Annotations:
D:4 George's ghost, amateur FoFi


Innate Abilities, Weirdness & Mutations

You cannot wear most types of armour.
You are amphibious.
You can wear up to eight rings at the same time.
You can use your tentacles to constrict eight enemies at once.
Your skin changes colour to match your surroundings (Stealth).
Your rubbery body absorbs attacks (AC +1).


Message History

Unknown command.
You hit the orc. You grab the orc.
The orc is severely wounded.
Your skin stops crawling.
You constrict the orc. The orc barely misses you. Something hits you.
* * * LOW HITPOINT WARNING * * *
The orc hits you with a flail.
* * * LOW HITPOINT WARNING * * *
Unknown command.
You hit the orc.
You kill the orc!
Something hits you.
* * * LOW HITPOINT WARNING * * *
The orc closely misses you.
Unknown command.
Unknown command.
Unknown command.
Unknown command.
The orc hits you with a dagger.
You die...

#.#
############.####.#.#
#.# #.# #.# #.# #.#
#.. #.# ### #.# #####
#.#########...#
#.............# ##
###########..@######
.. . ##.o<{...#.#....
#######.._..# ###.#.#
.. ##


You could see an orc.

Vanquished Creatures
  A scorpion (D:4)
  An orc priest (D:4)
  An adder (D:2)
  A worm (D:3)
  A dart slug (D:3)
  A giant gecko (D:1)
  An orc (D:4)
  6 giant cockroaches
  5 goblins
  5 hobgoblins
  4 kobolds
  A quokka (D:2)
  A ball python (D:1)
  3 bats
  2 giant newts
  2 rats
36 creatures vanquished.

Notes
Turn   | Place    | Note
--------------------------------------------------------------
     0 | D:1      | M4edhros the Octopode Necromancer began the quest for the Orb.
     0 | D:1      | Reached XP level 1. HP: 11/11 MP: 3/3
   121 | D:1      | Reached skill level 1 in Unarmed Combat
   194 | D:2      | Reached XP level 2. HP: 8/17 MP: 0/5
   411 | D:2      | Reached XP level 3. HP: 13/21 MP: 1/6
   511 | D:2      | Learned a level 3 spell: Regeneration
   744 | D:3      | Found a faded altar to an unknown god.
   855 | D:4      | Noticed George's ghost (amateur FoFi)
   912 | D:4      | Noticed a scorpion
   919 | D:4      | Killed a scorpion
   919 | D:4      | Reached XP level 4. HP: 12/27 MP: 0/7
   942 | D:4      | HP: 1/27 [poisoned by a scorpion]
  1023 | D:4      | Found a shattered altar of Ashenzari.
  1041 | D:4      | Reached XP level 5. HP: 9/31 MP: 0/8
  1044 | D:4      | HP: 1/31 [something (3)]
  1045 | D:4      | Slain by an orc

Vault maps used:
D:1:      sevenhm_arrival_forest_fort_large_2
D:2:      first_bread
D:3:      ecumenical_altar_2
D:4:      grunt_temple_overflow_magic_moments, ashenzari_altar_1, uniq_edmund

Skill      XL: |  1  2  3 |
---------------+----------+-----
Unarmed Combat | 1 2 4 |  4.6
Dodging        | |  2.0
Stealth        | |  2.6
Spellcasting   | |  2.0
Necromancy     | |  4.0

Action                   |  1- 3 |  4- 6 || total
-------------------------+-------+-------++-------
Melee: Short sword       |    37 |     7 ||    44
       Constrict         |    13 |     2 ||    15
       Unarmed           |     2 |       ||     2
       Tentacles         |     7 |     1 ||     8
 Cast: Pain              |    42 |     1 ||    43
       Regeneration      |     3 |     3 ||     6
  Use: Potion            |     6 |       ||     6
       Scroll            |     6 |       ||     6
 Stab: Sleeping          |     3 |       ||     3
       Invisible         |     1 |       ||     1
  Eat: Chunk             |     1 |       ||     1
Armor: Skin              |     5 |     1 ||     6
Dodge: Dodged            |    28 |    13 ||    41
